Unix NetHack Version 5.0.0-0 post-release - last build May  4 2026 22:22:43 (774f63e81ad911689b3a0859ea89b322d5daca8d,branch:main).

Game began 2026-05-08 20:17:14, ended 2026-05-08 20:23:59.

BeardyHaddock, neutral male gnomish Archeologist

                         ---------          --------
   ----------            |..(....|          |......|
   |........|           #........|  ########.......|        ----.-
   |........|           #|.......|          |......|       #.....|
   |.........#          #|.......|          |......-# ######|....|
   |........|#          #|..>.....#         |...@..|########.....|
   -------.--#          #---------##########...B...|  #     |....|
          #  ##         ##       ##    ##   -|-+----        -.----
          #   #          #             #     #               ##
          ##  ##         #           ###  ####                #
           #   #         #        #  #    #                   #
           #   #       ###############    #                   #
   --------|---#########  #      #    #####                   ###
   |..........-### #      ##     #   ##                         #
   |..........|    #-------#     #-|-------------               ##
   |..........|    #......|#     #-..........{...              --|---
   ----------.-     |.....|#      |.............|              |....|
                    |>.....#      |.............|              |..<.|
                    -------       ---------------              ------

BeardyHaddock the Field Worker  St:12 Dx:10 Co:13 In:16 Wi:15 Ch:9  Neutral
Dlvl:2  $:34 HP:0(16) Pw:11(11) AC:9  Xp:3 T:812  Satiated

Latest messages:
 o - 2 garnet stones.
 You see here 5 gold pieces.
 $ - 5 gold pieces (34 in total).
 You hear a door open.
 The hobbit throws a runed dagger!
 A runed dagger misses you.
 You lash the hobbit.
 The hobbit hits!
 You kill the hobbit!
 Welcome to experience level 3.
 You see here a runed dagger.
 p - a runed dagger.
 The door opens.
 The large kobold hits!
 You lash the large kobold.
 You kill the large kobold!
 You hear the splashing of a naiad.
 The door opens.
 You see here a cram ration.
 q - a cram ration.
 What do you want to drink? [kl or ?*] q
 That is a silly thing to drink.
 What do you want to eat? [dq or ?*] q
 This cram ration is bland.
 You finish eating the cram ration.
 The door resists!
 The door opens.
 You see here a scroll labeled DAIYEN FOOELS.
 You decipher the label on your scroll labeled DAIYEN FOOELS.
 r - a scroll of confuse monster.
 The door resists!
 The door resists!
 The door opens.
 The bat misses!
 The bat bites!
 The bat bites!
 The bat bites!
 The bat bites!
 The bat bites!
 You miss the bat.
 The bat misses!
 The bat bites!
 You miss the bat.
 The bat bites!
 You die...
 Do you want your possessions identified? [ynq] (y) n
 Do you want to see your attributes? [ynq] (y) n
 Do you want an account of creatures vanquished? [ynaq] (y) n
 Do you want to see your conduct and achievements? [ynq] (y) n
 Do you want to see the dungeon overview? [ynq] (y) n

Inventory:
 Coins    ('$')
  $ - 34 gold pieces
 Weapons  (')')
  m - 10 +0 orcish arrows
  p - a +0 elven dagger
  a - a +2 bullwhip (weapon in left hand)
 Armor    ('[')
  c - an uncursed +0 fedora (being worn)
  b - an uncursed +0 leather jacket (being worn)
 Comestibles  ('%')
  d - 5 uncursed food rations
 Scrolls  ('?')
  r - an uncursed scroll of confuse monster
 Potions  ('!')
  l - a blessed potion of levitation
  k - an uncursed potion of restore ability
 Wands    ('/')
  n - a wand of striking (0:4)
 Tools    ('(')
  h - an empty uncursed sack
  i - an uncursed pair of lenses
  e - a +0 pick-axe (alternate weapon; not wielded)
  f - a tinning kit (0:86)
 Gems/Stones  ('*')
  o - 2 uncursed garnet stones
  g - an uncursed touchstone

BeardyHaddock the Archeologist's attributes:

Background:
 You were a Field Worker, a level 3 male gnomish Archeologist.
 You were neutral, on a mission for Camaxtli
 who was opposed by Quetzalcoatl (lawful) and Huhetotl (chaotic).
 You were left-handed.
 You were in the Dungeons of Doom, on level 2.
 You entered the dungeon 812 turns ago.
 You had 52 experience points, 28 more were needed to attain level 4.

Basics:
 You had 0 out of 16 hit points.
 You had all 11 energy points (spell power).
 Your armor class was 9.
 Your wallet contained 34 zorkmids.
 Autopickup was off.

Final Characteristics:
 Your strength was 12 (limit:18/50).
 Your dexterity was 10 (limit:18).
 Your constitution was 13 (limit:18).
 Your intelligence was 16 (limit:19).
 Your wisdom was 15 (limit:18).
 Your charisma was 9 (limit:18).

Final Status:
 You were satiated.
 You were unencumbered.
 You were wielding a whip.
 You had basic skill with whip.

Final Attributes:
 You had strayed.
 You had automatic searching.
 You had infravision.
 You are dead.

Miscellaneous:
 You didn't encounter any bones levels.
 Total elapsed playing time was 6 minutes and 45 seconds.

Major events:
 Turn
    1: BeardyHaddock the neutral male gnomish Archeologist entered the dungeon
  642: attained the rank of Field Worker (level 3)
  812: killed by a bat

You didn't know any spells.

Skills:
 Fighting Skills
   bare handed combat [Unskilled]
   two weapon combat  [Unskilled]
   riding             [Unskilled]
 Weapon Skills
   dagger             [Unskilled]
   knife              [Unskilled]
   pick-axe           [Basic]
   short sword        [Unskilled]
   saber              [Unskilled]
   club               [Unskilled]
   quarterstaff       [Unskilled]
   sling              [Unskilled]
   dart               [Unskilled]
   boomerang          [Unskilled]
   whip               [Basic]
   unicorn horn       [Unskilled]
 Spellcasting Skills
   attack spells      [Unskilled]
   healing spells     [Unskilled]
   divination spells  [Unskilled]
   matter spells      [Unskilled]

Voluntary challenges:
 Character rerolling was not enabled.
 You followed a strict vegan diet.
 You were an atheist.
 You never genocided any monsters.
 You never polymorphed an object.
 You never changed form.
 You used no wishes.
Achievement:
 You attained the rank of Field Worker.

 The Dungeons of Doom: levels 1 to 2
    Level 1:
       An altar, many fountains, a sink.
    Level 2: <- You were here.
       A fountain.
       Final resting place for
          you, killed by a bat.


Vanquished creatures:
  a shrieker
  a kitten
  a hobbit
  a large kobold
  a gecko
  a jackal
  a fox
  a grid bug
  4 lichens
  a kobold zombie
  3 newts
16 creatures vanquished.

No species were genocided or became extinct.

Game over:
                       ----------
                      /          \
                     /    REST    \
                    /      IN      \
                   /     PEACE      \
                  /                  \
                  |  BeardyHaddock   |
                  |      34 Au       |
                  | killed by a bat  |
                  |                  |
                  |                  |
                  |                  |
                  |       2026       |
                 *|     *  *  *      | *
        _________)/\\_//(\/(/\)/\//\/|_)_______

Goodbye BeardyHaddock the Archeologist...

You died in The Dungeons of Doom on dungeon level 2 with 289 points,
and 34 pieces of gold, after 812 moves.
You were level 3 with a maximum of 16 hit points when you died.

